 Dungeon Crawl Stone Soup version 0.30.0-13-g156ef70053 (webtiles) character file.

Game seed: 7337611800802281523

2 jasper the Chopper (level 1, -1/19 HPs)
             Began as a Meteoran Berserker on May 17, 2023.
             Was a Follower of Trog.
             Slain by a hobgoblin (5 damage)
             ... on level 1 of the Dungeon.
             The game lasted 00:00:11 (107 turns).

jasper the Chopper (Meteoran Berserker)              Turns: 107, Time: 00:00:12

Health: -1/19      AC:  2    Str: 18    XL:     1   Next: 57%
Magic:  2/2        EV:  9    Int:  8    God:    Trog [*.....]
Gold:   0          SH:  0    Dex: 13    Spells: 0/0 levels left

rFire   . . .        a - +0 hand axe
rCold   . . .        (no shield)
rNeg    . . .        b - +0 animal skin
rPois   .            (no helmet)
rElec   .            (no cloak)
rCorr   .            (no gloves)
SInv    .            (no boots)
Will    .....        (no amulet)
Stlth   +            (no ring)
HPRegen 0.23/turn    (no ring)
MPRegen 0.08/turn

%: no passive effects
@: glowing, constricted
A: sense surroundings 1, otherworldly, glowing, explore regen
a: Renounce Religion, Berserk


You were on level 1 of the Dungeon.
You worshipped Trog.
Trog was aware of your devotion.
You visited 1 branch of the dungeon, and saw 1 of its levels.

Inventory:

Hand Weapons
 a - a +0 hand axe (weapon)
Armour
 b - a +0 animal skin (worn)


   Skills:
 + Level 3.3 Fighting
 * Level 3.7 Axes
 + Level 2.5 Armour
 + Level 2.5 Dodging


You couldn't memorise any spells.
You didn't know any spells.
Your spell library was empty.

Dungeon Overview and Level Annotations

Branches:
Dungeon (1/15) Zot: 490

Altars:


Innate Abilities, Weirdness & Mutations

You passively map a small area around you.
You are easily found by Zot.
You glow in the dark.
You regain HP and MP as you explore.


Message History

The ball python constricts you.
You closely miss the ball python.
The ball python is heavily wounded.
The ball python closely misses you. The ball python constricts you.
The ball python bites you. The ball python constricts you.
You take 2 damage, and have 7/19 hp.
You hit the ball python.
You kill the ball python!
Trog accepts your kill.
You see here a ball python corpse.
A ball python and a hobgoblin come into view.
The ball python hisses angrily.
The hobgoblin shouts!
There are monsters nearby!
There are monsters nearby!
The ball python closely misses you. The ball python misses you.
The ball python barely misses you. x2
You hit the ball python but do no damage.
The ball python bites you but does no damage.
The ball python barely misses you.
You hit the ball python.
The ball python is heavily wounded.
The ball python barely misses you. The ball python closely misses you.
You barely miss the ball python.
The ball python is heavily wounded.
The ball python bites you. The ball python grabs you.
The ball python constricts you.
The ball python bites you but does no damage.
The ball python constricts you.
You take 2 damage, and have 7/19 hp.
You completely miss the ball python.
The ball python is heavily wounded.
You barely miss the hobgoblin. The hobgoblin hits you.
* * * LOW HITPOINT WARNING * * *
The ball python bites you.
* * * LOW HITPOINT WARNING * * *
The ball python constricts you.
You take 3 damage, and have 4/19 hp.
You completely miss the hobgoblin. You closely miss the ball python.
The hobgoblin hits you.
You die...

######### ####.......# *
* ###....†####.# ,
#####.......####.# * *,
......g..........#######
* *
*####.#@###.###.........
*# #S# #............# **
#.# #####..###...# , ,
#.# #.......## *, *#.#
####..###..# , ...
.......##..##
..##........##...[ *
,#.##..#.....##..## * **
, .....#...##..#


You could see a hobgoblin and a ball python.

Vanquished Creatures
  A ball python (D:1)
  A hobgoblin (D:1)
2 creatures vanquished.

Notes
Turn   | Place    | Note
-------+----------+-------------------------------------------
     0 | D:1      | jasper the Meteoran Berserker began the quest for the Orb.
     0 | D:1      | Reached XP level 1. HP: 19/19 MP: 2/2
   107 | D:1      | Slain by a hobgoblin

Illustrated notes

Levels and vault maps discovered:
D:1:      lightli_arrival_isolated_outpost, layout_loops_ring

Action                     || total
---------------------------++-------
  Melee: Hand axe          ||    18
 Armour: Animal skin       ||     5
  Dodge: Dodged            ||    12
